 Dungeon Crawl Stone Soup version 0.27-a0-695-gb4952372f7 (webtiles) character file.

Game seed: 18369450363866639202

208 tilp the Stinger (level 5, -1/35 HPs)
             Began as a Demonspawn Venom Mage on Mar 21, 2021.
             Slain by a gnoll
             ... wielding a +0 flail
              (11 damage)
             ... on level 4 of the Dungeon.
             The game lasted 00:07:58 (3901 turns).

tilp the Stinger (Demonspawn Venom Mage)            Turns: 3901, Time: 00:07:59

Health: -1/35      AC: 10    Str:  8    XL:     5   Next: 55%
Magic:  5/8        EV: 12    Int: 18    God:
Gold:   136        SH:  4    Dex: 13    Spells: 2/8 levels left

rFire    + . .     SeeInvis .   a - +2 dagger (protect)
rCold    . . .     Faith    .   (no shield)
rNeg     . . .     Spirit   .   c - +0 robe
rPois    .         Reflect  .   (helmet restricted)
rElec    .         Harm     .   j - scarf {+Inv}
rCorr    .         Rampage  .   (no gloves)
Will     .....                  k - +0 pair of boots
Stlth    ++........             (no amulet)
HPRegen  0.11/turn              f - ring of protection from fire
MPRegen  0.11/turn              (no ring)

@: protection aura
A: antennae 1, condensation shield
a: Evoke Invisibility


You were on level 4 of the Dungeon.
You visited 1 branch of the dungeon, and saw 4 of its levels.

You collected 136 gold pieces.

Inventory:

Hand Weapons
 a - a +2 dagger of protection (weapon)
 b - a +3 short sword
Missiles
 n - 12 poisoned darts
 o - 4 curare-tipped darts
Armour
 c - a +0 robe (worn)
 j - a scarf of invisibility (worn)
 k - a +0 pair of boots (worn)
Jewellery
 f - a ring of protection from fire (right hand)
Scrolls
 e - a scroll of teleportation
 h - a scroll of identify {unknown}
 i - a scroll of noise {unknown}
Potions
 d - a potion of invisibility {unknown}
 g - a potion of lignification {unknown}
 l - a potion of magic {unknown}
 m - a potion of flight {unknown}


   Skills:
 - Level 1.7 Dodging
 - Level 1.7 Stealth
 + Level 2.3 Spellcasting
 - Level 0.8 Transmutations
 + Level 6.1 Poison Magic


You had 2 spell levels left.
You knew the following spells:

 Your Spells              Type           Power      Damage    Failure   Level
a - Sting                 Tmut/Pois      56%        1d5       4%          1
b - Poisonous Vapours     Pois/Air       26%        N/A       8%          2
c - Ignite Poison         Fire/Tmut/Pois 10%        N/A       21%         3

Your spell library contained the following spells:

 Spells                   Type           Power      Damage    Failure   Level
 Olgreb's Toxic Radiance  Pois           24%        N/A       14%         4
 Mephitic Cloud           Conj/Pois/Air  9%         N/A       22%         3


Dungeon Overview and Level Annotations

Branches:
Dungeon (4/15)
 Temple: D:4-7

Altars:

Shops:
D:4 *

Annotations:
D:1 1 runed translucent door
D:4 Pikel


Innate Abilities, Weirdness & Mutations

You have a pair of small antennae on your head.
A meltable shield of frost defends you. (SH +4)


Message History

There is a stone staircase leading up here.
You can't go down here!
Casting: Sting (safe; 4% risk of failure)
Confirm with . or Enter, or press ? or * to list all spells.
Aiming: Sting (safe; 4% risk of failure)
Press: ? - help, Shift-Dir - straight line, f - gnoll
Aim: a gnoll, wielding a +0 flail (25% to evade)
The sting hits the gnoll.
The gnoll is poisoned.
The gnoll is moderately wounded.
The gnoll hits you with a +0 flail.
Unknown command.
Casting: Sting (safe; 4% risk of failure)
Confirm with . or Enter, or press ? or * to list all spells.
Aiming: Sting (safe; 4% risk of failure)
Press: ? - help, Shift-Dir - straight line, f/p - gnoll
Aim: a gnoll, wielding a +0 flail (moderately wounded, poisoned, 25% to evade)
The sting hits the gnoll but does no damage.
The gnoll looks even sicker.
The gnoll is moderately wounded.
The gnoll hits you with a +0 flail.
Casting: Sting (safe; 4% risk of failure)
Confirm with . or Enter, or press ? or * to list all spells.
Aiming: Sting (safe; 4% risk of failure)
Press: ? - help, Shift-Dir - straight line, f/p - gnoll
Aim: a gnoll, wielding a +0 flail (moderately wounded, very poisoned, 25% to evade)
The sting hits the gnoll.
The gnoll looks even sicker.
The gnoll is moderately wounded.
The gnoll hits you with a +0 flail!
You hit the gnoll.
Your weapon exudes an aura of protection.
The gnoll is heavily wounded.
You block the gnoll's attack.
You barely miss the gnoll.
The gnoll is heavily wounded.
The gnoll hits you with a +0 flail!
* * * LOW HITPOINT WARNING * * *
You hit the gnoll.
The gnoll is severely wounded.
The gnoll hits you with a +0 flail!
You die...

..#.. ..... ###
..## .. # ..# ##
.##.# ..#
#..######..#.##
..#
#.............#
..#
#........#.[.##
..#
#..).......##
###
####g@......#
#8# #........#
... ...<......#
...
.............#
...
................
#8#
8###8###.##.....
# ## #.. ###..
#.#


You could see a gnoll (very poisoned).

Vanquished Creatures
  A lemure (D:4)
  Jessica (D:2)
  A worker ant (D:4)
  5 gnolls
  6 adders
  2 dart slugs (D:1)
  3 leopard geckos
  2 orcs (D:3)
  A ball python (D:3)
  3 giant cockroaches
  3 goblins
  4 hobgoblins
  4 jackals (D:3)
  A quokka (D:2)
  5 bats
  3 frilled lizards
  5 kobolds
  7 rats
57 creatures vanquished.

Notes
Turn   | Place    | Note
-------+----------+-------------------------------------------
     0 | D:1      | tilp the Demonspawn Venom Mage began the quest for the Orb.
     0 | D:1      | Reached XP level 1. HP: 13/13 MP: 3/3
     1 | D:1      | Found a runed translucent door.
   405 | D:1      | Gained mutation: A meltable shield of frost defends you.
                  | (SH +4) [demonic ancestry]
   405 | D:1      | Reached XP level 2. HP: 19/19 MP: 1/5
   923 | D:1      | Learned a level 2 spell: Poisonous Vapours
   984 | D:2      | Reached skill level 4 in Poison Magic
  1172 | D:2      | Gained mutation: You have a pair of small antennae on your
                  | head. [demonic ancestry]
  1172 | D:2      | Reached XP level 3. HP: 16/24 MP: 4/6
  1177 | D:2      | Learned a level 3 spell: Ignite Poison
  1777 | D:2      | Noticed Jessica
  1785 | D:2      | Killed Jessica
  1786 | D:2      | Reached skill level 5 in Poison Magic
  1786 | D:2      | Reached XP level 4. HP: 30/30 MP: 0/7
  2918 | D:3      | Reached XP level 5. HP: 23/35 MP: 4/8
  3464 | D:4      | Reached skill level 6 in Poison Magic
  3510 | D:4      | Found Iramn's Assorted Antiques.
  3511 | D:4      | Noticed a lemure
  3537 | D:4      | Killed a lemure
  3622 | D:4      | Noticed a lemure
  3625 | D:4      | Noticed a lemure
  3631 | D:4      | Noticed Pikel
  3632 | D:4      | Noticed a lemure
  3901 | D:4      | Slain by a gnoll

Illustrated notes

Levels and vault maps discovered:
D:1:      dpeg_arrival_caged_fury, layout_rooms
D:2:      layout_basic, uniq_jessica
D:3:      minmay_general_purpose_star, layout_rooms
D:4:      lemuel_upstairs_altar, layout_rooms, serial_shops, shop,
          nicolae_shop_trees, shop, nicolae_shop_trees, shop,
          serial_corexii_hall, corexii_hall_statues_x,
          chequers_hall_statues_wall_a, uniq_blork_the_orc, uniq_pikel

Skill      XL: |  1  2  3  4  5 |
---------------+----------------+-----
Poison Magic   | 4 5 6 |  6.1
Dodging        | |  1.7
Stealth        | |  1.7
Spellcasting   | |  2.3
Transmutations | |  0.8

Action                   |  1- 3 |  4- 6 || total
-------------------------+-------+-------++-------
Melee: Dagger            |    33 |   136 ||   169
       Unarmed           |     3 |       ||     3
       Short sword       |    18 |       ||    18
 Cast: Sting             |    23 |    14 ||    37
       Poisonous Vapours |     4 |    27 ||    31
  Use: Scroll            |       |     2 ||     2
 Stab: Sleeping          |     2 |     2 ||     4
Armor: Robe              |    10 |    47 ||    57
Dodge: Dodged            |    30 |    88 ||   118
Block: Other             |     5 |    21 ||    26

Table legend: (Time is in decaauts)
 A = Elapsed time spent in this place.
 B = Non-inter-level travel time spent in this place.
 C = Inter-level travel time spent in this place.
 D = Time resting spent in this place.
 E = Time spent auto-exploring this place.
 F = Levels seen in this place.
 G = Mean time per level.
                   A        B        C        D        E       F      G
               +--------+--------+--------+--------+--------+-----+--------+
         Total |   3902 |   3775 |    127 |    957 |   2253 |   4 |  975.5 |
       Dungeon |   3902 |   3775 |    127 |    957 |   2253 |   4 |  975.5 |
               +--------+--------+--------+--------+--------+-----+--------+

Top non-repeatable levels by time:
     D:3: 1483 daAuts
     D:2: 1217 daAuts
     D:1: 964 daAuts
     D:4: 237 daAuts
